 Dungeon Crawl Stone Soup version 0.30-a0-458-g86641cc369 (webtiles) character file.

Game seed: 13562171993875515653

119 kurumiz the Covert (level 4, 0/23 HPs)
             Began as a Spriggan Brigand on Dec 14, 2022.
             Killed by divine providence
             ... invoked by an orc priest
              (12 damage)
             ... on level 4 of the Dungeon on Dec 15, 2022.
             The game lasted 00:07:59 (3346 turns).

kurumiz the Covert (Spriggan Brigand)               Turns: 3346, Time: 00:08:00

Health: 0/23       AC:  2    Str:  9    XL:     4   Next: 73%
Magic:  14/14      EV: 17    Int: 12    God:
Gold:   161        SH:  0    Dex: 16    Spells: 3/3 levels left

rFire   . . .      SeeInvis +    a - +2 dagger
rCold   . . .      Faith    .    (no shield)
rNeg    + . .      Spirit   .    b - +0 robe
rPois   .          Reflect  .    (helmet restricted)
rElec   .          Harm     .    v - scarf {repulsion}
rCorr   .          Rampage  .    (gloves unavailable)
Will    .....                    (boots unavailable)
Stlth   ++++......               (no amulet)
HPRegen 0.23/turn                j - ring of magical power
MPRegen 0.14/turn                n - ring of positive energy

@: repel missiles, very quick
A: very small, no large weapons, unfitting armour, see invisible, speed 3
a: no special abilities


You were on level 4 of the Dungeon.
You visited 1 branch of the dungeon, and saw 4 of its levels.

You collected 161 gold pieces.

Inventory:

Hand Weapons
 a - a +2 dagger (weapon)
 z - a +2 hand axe of electrocution
Missiles
 d - 12 poisoned darts (quivered)
 e - 3 curare-tipped darts
 l - 2 throwing nets
 A - 5 stones
Armour
 b - a +0 robe (worn)
 c - a +0 cloak
 v - a scarf of repulsion (worn)
Jewellery
 j - a ring of magical power (left hand)
 n - a ring of positive energy (right hand)
 E - a +4 ring of evasion
Scrolls
 f - 5 scrolls of identify {unknown}
 k - 2 scrolls of teleportation {unknown}
 m - 2 scrolls of brand weapon {unknown}
 u - a scroll of vulnerability {unknown}
 w - a scroll of noise {unknown}
 x - 2 scrolls of fog {unknown}
 y - a scroll of immolation {unknown}
 C - 2 scrolls of blinking {unknown}
Potions
 g - a potion of berserk rage {unknown}
 h - 2 potions of cancellation {unknown}
 i - 3 potions of curing {unknown}
 o - a potion of brilliance {unknown}
 p - 3 potions of degeneration {unknown}
 q - a potion of magic {unknown}
 r - a potion of heal wounds {unknown}
 s - a potion of might {unknown}
 t - a potion of flight {unknown}
 B - a potion of haste {unknown}
 D - a potion of mutation {unknown}


   Skills:
 + Level 1.9 Fighting
 + Level 3.1 Short Blades
 + Level 2.1 Throwing
 + Level 1.9 Dodging
 + Level 8.2 Stealth


You had 3 spell levels left.
You didn't know any spells.
Your spell library contained the following spells:

 Spells                   Type           Power      Damage    Failure   Level
 Apportation              Tloc           0%         N/A       32%         1
 Necrotise                Necr           0%         1d4       32%         1
 Summon Small Mammal      Summ           0%         N/A       32%         1
 Ensorcelled Hibernation  Hex/Ice        0%         N/A       45%         2
 Passwall                 Tmut/Erth      0%         N/A       45%         2
 Call Canine Familiar     Summ           0%         N/A       69%         3
 Summon Guardian Golem    Hex/Summ       0%         N/A       69%         3
 Swiftness                Air            0%         N/A       69%         3


Dungeon Overview and Level Annotations

Branches:
Dungeon (4/15)
 Temple: D:4-7

Altars:
Trog
Zin


Innate Abilities, Weirdness & Mutations

You are very small and have problems with some larger weapons.
You are too small for most types of armour.
You have supernaturally acute eyesight. (SInv)
You cover ground extremely quickly. (Speed+++)


Message History

Welcome back, kurumiz the Spriggan Brigand.
Press ? for a list of commands and other information.
Done exploring.
Done exploring.
There is an open door here.
There is a stone staircase leading down here.
You climb downwards.
There is a stone staircase leading up here.
An orc priest comes into view. It is wielding a +0 short sword.
Found a robe.
You see here a +4 ring of evasion.
E - a +4 ring of evasion The orc priest mumbles some strange prayers to Beogh against you.
Beogh smites you!
Ouch! That really hurt!
The orc priest looks encouraged for a moment.
Found a brown potion.
There is a stone staircase leading up here.
You climb upwards.
There is a stone staircase leading down here.
You climb downwards.
There is a stone staircase leading up here.
There is a stone staircase leading up here.
You hit the orc priest.
The orc priest is lightly wounded.
The orc priest closely misses you.
You hit the orc priest.
The orc priest is moderately wounded.
The orc priest invokes the aid of Beogh against you.
Beogh smites you!
Ouch! That really hurt!
You hit the orc priest.
The orc priest is heavily wounded.
The orc priest closely misses you.
You hit the orc priest.
The orc priest is severely wounded.
The orc priest invokes the aid of Beogh against you.
Beogh smites you!
Ouch! That really hurt!
You die...

#[# #.# ..# #.#
##.# #..#
...######..########
#..o...........@.#
...##..........##o#
#.#.##..##..##.# ..
##.?..#..o..#...#
##
#.##.###..##.##.#
#. #.# ##.# .# .# #
#.. #.# .. .. #..
#.# ##. ## ... #.#
#.


You could see an orc priest.

Vanquished Creatures
  A hound (D:3)
  2 adders (D:2)
  3 worms
  A dart slug (D:1)
  2 orcs (D:3)
  9 ball pythons
  7 endoplasms
  6 hobgoblins
  4 kobolds
  4 quokkas
  4 bats
  A frilled lizard (D:3)
  5 goblins
  10 rats
59 creatures vanquished.

Notes
Turn   | Place    | Note
-------+----------+-------------------------------------------
     0 | D:1      | kurumiz the Spriggan Brigand began the quest for the Orb.
     0 | D:1      | Reached XP level 1. HP: 10/10 MP: 2/2
    33 | D:1      | Reached skill level 6 in Stealth
   108 | D:1      | Reached XP level 2. HP: 14/14 MP: 3/3
   532 | D:1      | Reached skill level 7 in Stealth
   993 | D:2      | Reached XP level 3. HP: 12/18 MP: 4/4
  1455 | D:2      | Found a bloodstained altar of Trog.
  2288 | D:3      | Reached XP level 4. HP: 23/23 MP: 5/5
  2379 | D:3      | Reached skill level 8 in Stealth
  2818 | D:3      | Found a glowing silver altar of Zin.
  3162 | D:3      | Upgraded the game from 0.30-a0-457-g4b7bca3bfa to
                  | 0.30-a0-458-g86641cc369
  3346 | D:4      | Killed from afar by an orc priest

Illustrated notes

Levels and vault maps discovered:
D:1:      minmay_arrival_four_circles, layout_basic
D:2:      layout_loops_corners, basic_altar, minmay_increasing_density
D:3:      layout_loops_ring, zin_treasury, kennysheep_generic_room_8
D:4:      layout_loops_ring, mainiacjoe_overflow_boulevard, grunt_decor_fettered

Skill      XL: |  1  2  3  4 |
---------------+-------------+-----
Stealth        | 6 7 8 |  8.2
Short Blades   | 3 |  3.1
Fighting       | |  1.9
Throwing       | |  2.1
Dodging        | |  1.9

Action                   |  1- 3 |  4- 6 || total
-------------------------+-------+-------++-------
Melee: Dagger            |    86 |    51 ||   137
       Punch             |       |     2 ||     2
Throw: Dart              |     1 |       ||     1
 Stab: Sleeping          |    22 |     5 ||    27
Armor: Robe              |     8 |     4 ||    12
Dodge: Dodged            |    28 |    28 ||    56

Table legend: (Time is in decaauts)
 A = Elapsed time spent in this place.
 B = Non-inter-level travel time spent in this place.
 C = Inter-level travel time spent in this place.
 D = Time resting spent in this place.
 E = Time spent auto-exploring this place.
 F = Levels seen in this place.
 G = Mean time per level.
                   A        B        C        D        E       F      G
               +--------+--------+--------+--------+--------+-----+--------+
         Total |   2235 |   1864 |    371 |      0 |   1440 |   4 |  558.8 |
       Dungeon |   2235 |   1864 |    371 |      0 |   1440 |   4 |  558.8 |
               +--------+--------+--------+--------+--------+-----+--------+

Top non-repeatable levels by time:
     D:2: 860 daAuts
     D:3: 733 daAuts
     D:1: 606 daAuts
     D:4: 35 daAuts
